 Dungeon Crawl Stone Soup version 0.31.0-11-ge490571c62 (webtiles) character file.

Game seed: 18306429304770445973

746 qw the Ducker (level 7, -2/29 (35) HPs)
             Began as a Spriggan Hunter on Feb 4, 2024.
             Slain by a wight
             ... wielding a +3 spear
              (6 damage)
             ... on level 3 of the Dungeon.
             The game lasted 00:00:14 (2852 turns).

qw the Ducker (Spriggan Hunter)                     Turns: 2852, Time: 00:00:14

HP:   -2/29 (35)    AC:  2    Str:  7    XL:     7   Next: 48%
MP:   0/8           EV: 23    Int: 10    God:
Gold: 199           SH:  0    Dex: 21    Spells: 6/6 levels left

rFire   . . .        a - +0 shortbow (chaos)
rCold   . . .        (shield currently unavailable)
rNeg    . . .        c - +0 robe
rPois   +            (helmet restricted)
rElec   .            (no cloak)
rCorr   .            (gloves unavailable)
SInv    +            (boots unavailable)
Will    +....        g - amulet of guardian spirit
Stlth   ++           b - ring of poison resistance
HPRegen 0.24/turn    k - +4 ring of slaying {mikee}
MPRegen 0.11/turn

%: guardian spirit
@: about to teleport, heavily drained, very quick
A: very small, no large weapons, unfitting armour, see invisible, speed 3
a: no special abilities


You were on level 3 of the Dungeon.
You visited 1 branch of the dungeon, and saw 4 of its levels.

You collected 199 gold pieces.


Innate Abilities, Weirdness & Mutations

You are very small and have problems with some larger weapons.
You are too small for most types of armour.
You have supernaturally acute eyesight. (SInv)
You cover ground extremely quickly. (Speed+++)


   Skills:
 - Level 2.0 Fighting
 + Level 7.4 Ranged Weapons
 - Level 7.5 Dodging
 - Level 1.5 Stealth


You had 6 spell levels left.
You didn't know any spells.
Your spell library was empty.

Inventory:

Hand Weapons
 a - a +0 shortbow of chaos (weapon)
Armour
 c - a +0 robe (worn)
Jewellery
 b - a ring of poison resistance (left hand)
 g - an amulet of guardian spirit (around neck)
 k - a +4 ring of slaying (right hand) {mikee}
Wands
 d - a wand of flame (51)
Potions
 e - a potion of degeneration {unknown}
 i - a potion of lignification {unknown}

Dungeon Overview and Level Annotations

Branches:
Dungeon (4/15)
 Temple: D:4-7

Altars:
Dithmenos
Hepliaklqana
Qazlal
The Shining One


Message History

2813 ||| FLEEEEING.
The wight seems less confused.
2814 ||| FLEEEEING.
2815 ||| FLEEEEING.
2816 ||| FLEEEEING.
2817 ||| FLEEEEING.
2818 ||| FLEEEEING.
2819 ||| FLEEEEING.
You start resting.
A wight is nearby!
2823 ||| FLEEEEING.
2824 ||| FLEEEEING.
2825 ||| FLEEEEING.
There is a stone staircase leading up here.
You start resting.
A wight comes into view. It is wielding a +3 spear.
2828 ||| STAIRDANCE You climb upwards.
There is a stone staircase leading down here.
You start resting.
Magic restored.
You start resting.
HP restored.
You climb downwards.
The wight completely misses you. The wight hits you with a +4 dagger!
The wight closely misses you. The wight hits you with a +4 dagger.
There is a stone staircase leading up, spattered with blood here.
2849 ||| STAIRDANCE The wight hits you with a +3 spear.
You feel drained. The wight misses you. The wight hits you with a +4 dagger.
You feel drained.
You climb upwards.
There is a stone staircase leading down here.
You shoot an arrow. The arrow closely misses the wight.
The wight completely misses you. The wight hits you with a +4 dagger.
You feel drained.
2852 ||| READING scroll of teleportation.
As you read the scroll of teleportation, it crumbles to dust.
You feel strangely unstable. The wight hits you with a +3 spear!
You die...

~~~#...#########################'
~~~#####~~~~~~~~~~~~~~~~~~~~~~~(.
~~~~~~~~~~~~~~~~~~~~~~~~~~~~~~~..
~~~~~~~~~~~~~~~~~~~~~~~~~~~~~~...
.~~~~~.~~.~~~~~~~.~~~~~~~~.~.....
.................................
.................................
###.....#.#############........#.
#####........z@................
#######.##z#######.....###.
#.#........#.....# #.
#.#......#.####### #.
#....###^#.......###. #....#
#.#.......##..
######....###.#.......##.#
#...........%.........##..
#......##....#.........###


You could see 2 wights.

Vanquished Creatures
  A troll (D:3)
  3 kobold brigands (D:3)
  An iguana (D:3)
  Robin (D:3)
  12 gnolls
  5 adders
  A dart slug (D:1)
  2 ribbon worms
  An orc (D:3)
  3 endoplasms
  2 giant cockroaches
  10 goblins
  16 hobgoblins
  4 quokkas
  2 ball pythons (D:1)
  9 bats
  2 frilled lizards
  44 kobolds
  4 rats
123 creatures vanquished.

Notes
Turn   | Place    | Note
-------+----------+-------------------------------------------
     0 | D:1      | qw the Spriggan Hunter began the quest for the Orb.
     0 | D:1      | Reached XP level 1. HP: 10/10 MP: 2/2
     0 | D:1      | 0 ||| qw: Version: 0.3-a-160-g6735b56
     0 | D:1      | 0 ||| qw: Game counter: 4482
     0 | D:1      | 0 ||| qw: Melee chars always use a shield: true
     0 | D:1      | 0 ||| qw: God list: Okawaru
     0 | D:1      | 0 ||| qw: Allow faded altars: false
     0 | D:1      | 0 ||| qw: Do Orc after clearing Dungeon:15 true
     0 | D:1      | 0 ||| qw: Do second Lair branch before Depths: true
     0 | D:1      | 0 ||| qw: Lair rune preference: random
     0 | D:1      | 0 ||| qw: Goals: Normal
     0 | D:1      | 0 ||| PLANNING D:1-11
    46 | D:1      | Reached skill level 3 in Dodging
   231 | D:1      | Reached XP level 2. HP: 14/14 MP: 3/3
   726 | D:1      | 726 ||| UPGRADING to amulet of guardian spirit.
   731 | D:1      | 731 ||| READING scroll labelled TYSMUA FAVESE.
   731 | D:1      | 731 ||| BRANDING +0 shortbow.
   732 | D:1      | 732 ||| READING scroll labelled VYCKUNLUMA.
   733 | D:1      | 733 ||| READING scroll labelled OLU RUGOTECA.
   834 | D:1      | 834 ||| DROPPING scroll of butterflies.
   982 | D:2      | Reached XP level 3. HP: 18/18 MP: 4/4
  1383 | D:2      | Found a faded altar of an unknown god.
  1383 | D:2      | Noticed a reaper
  1485 | D:2      | 1485 ||| DROPPING scarf of shadows.
  1486 | D:2      | 1486 ||| UPGRADING to ring of poison resistance.
  1487 | D:2      | 1487 ||| UPGRADING to +4 ring of slaying {mikee}.
  1488 | D:2      | 1488 ||| READING scroll labelled VIKUZENWIO.
  1489 | D:2      | 1489 ||| READING 2 scrolls labelled BULIGG COTSYXI.
  1489 | D:2      | 1489 ||| IDENTIFYING white potion
  1490 | D:2      | 1490 ||| READING scroll of identify.
  1490 | D:2      | 1490 ||| IDENTIFYING glowing red potion
  1491 | D:2      | 1491 ||| DROPPING potion of ambrosia.
  1551 | D:3      | Reached XP level 4. HP: 22/22 MP: 5/5
  1551 | D:3      | Found a hazy altar of Hepliaklqana.
  1586 | D:3      | Found a shadowy altar of Dithmenos.
  1586 | D:3      | Found a stormy altar of Qazlal.
  1718 | D:3      | Found a glowing golden altar of the Shining One.
  2102 | D:3      | Reached XP level 5. HP: 26/26 MP: 6/6
  2168 | D:3      | Reached skill level 6 in Ranged Weapons
  2168 | D:3      | HP: 5/26 [gnoll/+0 spear (5)]
  2169 | D:3      | 2169 ||| DRINKING potion of heal wounds.
  2172 | D:3      | a kobold brigand changed into a troll
  2172 | D:3      | Noticed a troll
  2175 | D:3      | Killed a troll
  2175 | D:3      | HP: 5/26 [gnoll/+0 spear (3)]
  2176 | D:3      | Reached XP level 6. HP: 6/30 MP: 0/7
  2292 | D:3      | Reached XP level 7. HP: 35/35 MP: 8/8
  2413 | D:3      | Noticed Robin
  2417 | D:3      | Killed Robin
  2502 | D:3      | 2502 ||| FLEEEEING.
  2503 | D:3      | 2503 ||| FLEEEEING.
  2504 | D:3      | 2504 ||| FLEEEEING.
  2505 | D:3      | 2505 ||| FLEEEEING.
  2740 | D:3      | 2740 ||| READING 2 scrolls labelled TEOTIM RIGA.
  2745 | D:3      | 2745 ||| READING scroll labelled GOFOHU NUCSIW.
  2746 | D:3      | 2746 ||| DRINKING 2 sedimented pink potions.
  2747 | D:3      | 2747 ||| DROPPING potion of magic.
  2811 | D:4      | 2811 ||| FLEEEEING.
  2812 | D:4      | 2812 ||| FLEEEEING.
  2813 | D:4      | 2813 ||| FLEEEEING.
  2814 | D:4      | 2814 ||| FLEEEEING.
  2815 | D:4      | 2815 ||| FLEEEEING.
  2816 | D:4      | 2816 ||| FLEEEEING.
  2817 | D:4      | 2817 ||| FLEEEEING.
  2818 | D:4      | 2818 ||| FLEEEEING.
  2819 | D:4      | 2819 ||| FLEEEEING.
  2823 | D:4      | 2823 ||| FLEEEEING.
  2824 | D:4      | 2824 ||| FLEEEEING.
  2825 | D:4      | 2825 ||| FLEEEEING.
  2828 | D:4      | 2828 ||| STAIRDANCE
  2849 | D:4      | 2849 ||| STAIRDANCE
  2851 | D:3      | HP: 6/31 [wight/+4 dagger (5)]
  2852 | D:3      | 2852 ||| READING scroll of teleportation.
  2852 | D:3      | Slain by a wight

Levels and vault maps discovered:
D:1:      dpeg_arrival_yet_another_circle, layout_basic
D:2:      minmay_general_purpose_star, layout_loops_cross,
          dreamdust_ecumenical_altar_sealed_demon
D:3:      minmay_goblin_kobold_castle, layout_basic,
          nicolae_hepliaklqana_hazy_memory, mainiacjoe_overflow_chevrons,
          gammafunk_temple_overflow_pools, uniq_robin
D:4:      layout_basic, fiery_altar_vehumet, temple_doors_e

Skill      XL: |  1  2  3  4  5  6  7 |
---------------+----------------------+-----
Dodging        | 3 4 5 7 |  7.5
Ranged Weapons | 5 6 7 |  7.4
Fighting       | 2 |  2.0
Stealth        | |  1.5

Action                     |  1- 3 |  4- 6 |  7- 9 || total
---------------------------+-------+-------+-------++-------
   Fire: Shortbow          |    82 |    89 |    79 ||   250
    Use: Scroll            |     6 |       |     3 ||     9
         Potion            |       |     1 |     1 ||     2
 Armour: Robe              |     9 |    16 |    21 ||    46
  Dodge: Dodged            |    13 |    54 |    56 ||   123

Table legend:
 A = Non-vault XP
 B = Vault XP
 C = Vault XP percentage of total XP
 D = Non-vault monster count
 E = Vault monster count
 F = Vault count percentage of total count
                 A         B        C        D         E       F
            +---------+---------+-------+---------+---------+-------
      Total |     174 |     892 |  83.7 |      50 |      73 |  59.3
            +---------+---------+-------+---------+---------+-------
        D:1 |      32 |       0 |   0.0 |      19 |       0 |   0.0
        D:2 |      32 |      29 |  47.5 |      11 |       3 |  21.4
        D:3 |     110 |     863 |  88.7 |      20 |      70 |  77.8
            +---------+---------+-------+---------+---------+-------
